 Dungeon Crawl Stone Soup version 0.24-a0-125-gdf02491 (webtiles) character file.

Game seed: 0

1355 mortelune the Slasher (level 8, 0/63 HPs)
             Began as a Demonspawn Abyssal Knight on Feb 24, 2019.
             Was a Believer of Lugonu.
             Slain by a killer bee (5 damage)
             ... on level 7 of the Dungeon.
             The game lasted 00:35:40 (10434 turns).

mortelune the Slasher (Demonspawn Abyssal Knight)  Turns: 10434, Time: 00:35:41

Health: 0/63       AC: 15    Str: 15    XL:     8   Next: 37%
Magic:  10/12      EV:  5    Int: 13    God:    Lugonu [**....]
Gold:   170        SH:  0    Dex: 16    Spells: 7/7 levels left

rFire    . . .     SeeInvis .   a - +1 falchion
rCold    + . .     Gourm    .   (no shield)
rNeg     . . .     Faith    .   d - +0 plate armour
rPois    +         Spirit   .   p - +0 helmet
rElec    .         Reflect  .   (no cloak)
rCorr    .         Harm     .   h - +0 pair of gloves
MR       .....                  k - +0 pair of boots
Stlth    ..........             (no amulet)
HPRegen  0.20/turn              B - ring of poison resistance
MPRegen  0.13/turn              m - +3 ring of dexterity

@: lightly drained
A: claws 1, hooves 1, cold resistance 1, powered by pain 2, freezing cloud
immunity
a: Depart the Abyss, Bend Space, Renounce Religion


You were on level 7 of the Dungeon.
You worshipped Lugonu.
Lugonu was pleased with you.
You were very hungry.

You visited 1 branch of the dungeon, and saw 8 of its levels.
You visited the Abyss 1 time.

You collected 386 gold pieces.
You spent 216 gold pieces at shops.

Inventory:

Hand Weapons
 a - a +1 falchion (weapon)
 f - a +0 hunting sling
Missiles
 l - 166 stones (quivered)
Armour
 b - a +0 leather armour
 d - a +0 plate armour (worn)
 h - a +0 pair of gloves (worn)
 k - a +0 pair of boots (worn)
 p - a +0 helmet (worn)
Jewellery
 j - an uncursed ring of protection from fire
 m - a +3 ring of dexterity (right hand)
 n - an uncursed ring of protection from cold
 t - an uncursed ring of protection from cold
 B - a ring of poison resistance (left hand)
Scrolls
 o - 2 scrolls of enchant weapon {unknown}
 s - 7 scrolls of identify
 u - a scroll of remove curse
 w - a scroll of immolation {unknown}
 x - a scroll of summoning {unknown}
 A - a scroll of fog {unknown}
 E - a scroll of enchant armour {unknown}
Potions
 e - a potion of degeneration
 g - 2 potions of ambrosia {unknown}
 i - 4 potions of curing
 q - a potion of berserk rage
 r - a potion of mutation
 v - a potion of haste {unknown}
 C - a potion of heal wounds {unknown}
Comestibles
 c - 8 rations


   Skills:
 + Level 5.5 Fighting
 * Level 6.2 Long Blades
 + Level 4.5 Armour
 - Level 0.9(0.8) Dodging
 + Level 5.8 Invocations


You had 7 spell levels left.
You didn't know any spells.
Your spell library was empty.

Dungeon Overview and Level Annotations

Branches:
Dungeon (8/15)             Temple (0/1) D:5
   Lair: D:8-11

Altars:
Ru
Uskayaw

Shops:
D:4 :   D:6 (?

Annotations:
D:7 Prince Ribbit


Innate Abilities, Weirdness & Mutations

You have sharp fingernails.
You have large cloven feet.
Your flesh is cold resistant. (rC+)
You sometimes gain power by taking damage.
You are immune to freezing clouds.


Message History

The killer bee stings you.
* * * LOW HITPOINT WARNING * * *
The killer bee stings you but does no damage.
The killer bee stings you.
* * * LOW HITPOINT WARNING * * *
The killer bee stings you but does no damage.
The killer bee stings you.
* * * LOW HITPOINT WARNING * * *
The killer bee barely misses you.
The phantom blinks!
You climb upwards.
Level annotation: Prince Ribbit You feel sick.
You are no longer poisoned.
There is a stone staircase leading down here.
Okay, then.
Space bends around you!
You blink.
Space bends around you!
You blink.
The killer bee stings you but does no damage.
The killer bee stings you.
You die...

###### ####### # ####....#
#.....# ###########.......#
#.###.# .g.)..............# ###
#.# #.# ####g.............###.#
#.# #.# # #........##........#
#.# #.# # #<...######.....##.#
#.###[#
##############.....##.####.#<..#
......)......'..@y.##......#####
##############..yy.######..# #
#.##..# ##..#
##############.##..# #...#
...............##§.#####..##
#####..##########.........#
..............###.#######.#
...#..§######..##.# #.#
##.#.....# ##.##.# #.#


You could see 3 killer bees.

Vanquished Creatures
  Edmund (D:4)
  A hungry ghost (D:8)
  2 phantoms (D:4)
  3 scorpions
  A killer bee (D:7)
  A howler monkey (D:4)
  A centaur zombie (D:7)
  A crimson imp (D:6)
  A jelly (D:4)
  3 hounds
  2 orc priests
  An orc wizard (D:8)
  3 worker ants
  A hound skeleton (D:6)
  11 gnolls
  14 adders
  A shadow imp (D:8)
  4 worms
  3 leopard geckos
  20 orcs
  9 bats
  7 goblins
  9 hobgoblins
  4 jackals (D:4)
  2 quokkas
  5 frilled lizards
  7 kobolds
  5 rats
123 creatures vanquished.

Notes
Turn   | Place    | Note
-------+----------+-------------------------------------------
     0 | Abyss:1  | mortelune the Demonspawn Abyssal Knight began the quest for
                  | the Orb.
     0 | Abyss:1  | Reached XP level 1. HP: 18/18 MP: 2/2
     0 | Abyss:1  | Noticed a smoke demon
     0 | Abyss:1  | Noticed an efreet
     3 | D:1      | Escaped the Abyss
   394 | D:1      | Reached skill level 2 in Long Blades
   412 | D:1      | Reached * piety under Lugonu
   565 | D:1      | Gained mutation: You sometimes gain a little power by
                  | taking damage. [demonic ancestry]
   565 | D:1      | Reached XP level 2. HP: 24/24 MP: 3/3
  1261 | D:2      | Gained mutation: You have sharp fingernails. [demonic
                  | ancestry]
  1261 | D:2      | Reached XP level 3. HP: 24/29 MP: 4/4
  1604 | D:2      | Reached skill level 3 in Long Blades
  2174 | D:2      | Gained mutation: Your flesh is cold resistant. (rC+)
                  | [demonic ancestry]
  2174 | D:2      | Reached XP level 4. HP: 35/35 MP: 5/5
  2653 | D:3      | Found a hide-covered altar of Uskayaw.
  2706 | D:3      | Reached ** piety under Lugonu
  2732 | D:3      | Found a sacrificial altar of Ru.
  3316 | D:3      | Gained mutation: You have large cloven feet. [demonic
                  | ancestry]
  3316 | D:3      | Reached XP level 5. HP: 27/42 MP: 6/6
  4191 | D:4      | Found Leshroast's Book Shop.
  4420 | D:4      | Reached skill level 4 in Long Blades
  4665 | D:4      | Noticed an ogre
  4724 | D:4      | Gained mutation: You are immune to freezing clouds.
                  | [demonic ancestry]
  4724 | D:4      | Reached XP level 6. HP: 48/48 MP: 8/8
  5093 | D:4      | Noticed Edmund
  5893 | D:4      | Gained mutation: You sometimes gain power by taking damage.
                  | [demonic ancestry]
  5893 | D:4      | Reached XP level 7. HP: 53/55 MP: 10/10
  6059 | D:4      | Killed Edmund
  6059 | D:4      | Reached skill level 5 in Long Blades
  6067 | D:4      | Reached *** piety under Lugonu
  6427 | D:5      | Entered Level 5 of the Dungeon
  6719 | D:5      | Found a staircase to the Ecumenical Temple.
  7422 | D:6      | Found Zomiaxoz's Magic Scroll Shoppe.
  7426 | D:6      | Bought a scroll of blinking for 90 gold pieces
  7426 | D:6      | Bought a scroll of teleportation for 36 gold pieces
  7426 | D:6      | Bought a scroll of blinking for 90 gold pieces
  7502 | D:6      | Reached skill level 5 in Fighting
  7866 | D:6      | Found Zamusioj's Antique Weapon Emporium.
  7911 | D:6      | Reached skill level 5 in Invocations
  8648 | D:7      | Noticed Prince Ribbit
  9473 | D:7      | Reached XP level 8. HP: 46/62 MP: 11/11
  9698 | D:8      | Reached skill level 6 in Long Blades
 10434 | D:7      | Slain by a killer bee

Levels and vault maps discovered:
D:1:      dpeg_arrival_houses_and_road, layout_loops_ring
D:2:      layout_basic, minivault_27
D:3:      layout_loops_ring, old_standard_altar, nicolae_ru_sacrificial_ziggurat
D:4:      wad_river_or_something, layout_loops_ring, serial_shops, shop_statue,
          uniq_edmund
D:5:      layout_rooms, gammafunk_temple_overflow_elements,
          minmay_temple_entry_ruins, first_ration
D:6:      layout_gridville, serial_shops, nicolae_shop_statue_plus,
          nicolae_shop_crystal
D:7:      layout_basic, uniq_duvessa, uniq_harold, uniq_prince_ribbit1
D:8:      layout_loops_ring, dpeg_lair_monsters, hangedman_decor_points,
          grunt_pizzeria, uniq_pikel, uniq_grum, uniq_psyche
Abyss:1

Skill      XL: |  1  2  3  4  5  6  7  8 |
---------------+-------------------------+-----
Long Blades    | 2 3 4 5 6 |  6.2
Armour         | 2 3 4 |  4.5
Fighting       | 4 5 |  5.5
Invocations    | 3 4 5 |  5.8
Dodging        | |  0.9

Action                   |  1- 3 |  4- 6 |  7- 9 || total
-------------------------+-------+-------+-------++-------
Melee: Falchion          |   132 |   369 |   353 ||   854
Invok: Depart the Abyss  |     1 |       |       ||     1
       Bend Space        |       |     1 |     8 ||     9
  Use: Scroll            |     1 |     7 |     3 ||    11
       Potion            |       |       |     3 ||     3
  Eat: Chunk             |     4 |    10 |     3 ||    17
       Ration            |       |     1 |     7 ||     8
Armor: Plate armour      |   115 |   293 |   288 ||   696
       Leather armour    |     1 |       |       ||     1
Dodge: Dodged            |    29 |    96 |    74 ||   199
       Rpst.: Falchion   |     7 |    28 |    24 ||    59

Table legend:
 A = Non-vault XP
 B = Vault XP
 C = Vault XP percentage of total XP
 D = Non-vault monster count
 E = Vault monster count
 F = Vault count percentage of total count
                 A         B        C        D         E       F
            +---------+---------+-------+---------+---------+-------
      Total |    1576 |     361 |  18.6 |     116 |       7 |   5.7
            +---------+---------+-------+---------+---------+-------
        D:1 |      22 |       0 |   0.0 |      14 |       0 |   0.0
        D:2 |      86 |       0 |   0.0 |      21 |       0 |   0.0
        D:3 |     209 |       0 |   0.0 |      37 |       0 |   0.0
        D:4 |     327 |     361 |  52.5 |      15 |       7 |  31.8
        D:5 |      76 |       0 |   0.0 |       4 |       0 |   0.0
        D:6 |     175 |       0 |   0.0 |       6 |       0 |   0.0
        D:7 |     307 |       0 |   0.0 |       9 |       0 |   0.0
        D:8 |     374 |       0 |   0.0 |      10 |       0 |   0.0
            +---------+---------+-------+---------+---------+-------
